Map: Ephemeron LE

Players

PotentialCam - Winner!

  • Race: Zerg Zerg
  • Spawn Location: 5:00

A.I. 1 (Very Easy)

  • Race: Protoss Protoss
  • Spawn Location: 11:00

VOD

Have the link to the VOD?

Description

Time

  • Played on: Dec. 26, 2019, 7:09 p.m.
  • Length: 9:45
Show
View Real Time Build Order
Export as new Build Order

PotentialCam Zerg - Winner!

Build Orders: Hatch First 

Get SALT Encoding   

  12  0:02  Drone  
  13  0:12  Overlord  
  13  0:16  Drone  
  14  0:30  Drone x2  
  14  0:34  Drone  
  17  0:52  Hatchery  
  17  0:56  Drone  
  17  0:57  Drone  
  18  1:10  Extractor  
  17  1:12  Spawning Pool  
  17  1:15  Drone  
  17  1:19  Drone  
  18  1:28  Drone  
  19  1:38  Overlord  
  19  1:49  Drone  
  20  2:00  Zergling x2  
  21  2:03  Queen x2  
  21  2:04  Zergling x2  
  26  2:13  Metabolic Boost  
  26  2:14  Drone x2  
  28  2:21  Drone  
  29  2:25  Overlord  
  29  2:32  Drone  
  29  2:36  Drone  
  31  2:39  Queen  
  33  2:45  Drone  
  33  2:46  Drone  
  35  2:53  Overlord  
  35  2:57  Overlord  
  35  3:05  Drone  
  36  3:10  Drone  
  37  3:18  Drone x3  
  37  3:19  Queen x2  
  44  3:21  Drone x2  
  46  3:33  Drone, Hatchery  
  46  3:34  Drone  
  47  3:39  Drone  
  48  3:55  Drone x3  
  51  4:00  Overlord x2  
  51  4:04  Drone x6  
  51  4:05  Queen  
  59  4:13  Drone  
  60  4:17  Queen  
  62  4:24  Drone  
  62  4:28  Overlord x2  
  62  4:30  Zergling x2  
  62  4:31  Zergling x4  
  66  4:32  Zergling x6  
  69  4:47  Evolution Chamber  
  69  4:48  Drone x2  
  69  4:49  Evolution Chamber  
  69  4:52  Queen  
  69  4:53  Queen  
  69  4:54  Queen  
  75  5:10  Drone, Baneling Nest  
  75  5:11  Drone x5  
  80  5:21  Overlord x2  
  80  5:23  Zerg Melee Weapons Level 1  
  80  5:26  Drone  
  80  5:27  Drone x5  
  86  5:31  Extractor  
  86  5:32  Extractor  
  86  5:34  Extractor x2  
  82  5:39  Hatchery  
  82  5:42  Hatchery  
  80  5:43  Drone  
  80  5:44  Drone x5  
  86  5:55  Zerg Ground Armor Level 1  
  86  6:03  Lair  
  86  6:06  Hatchery  
  85  6:15  Drone x2  
  85  6:16  Drone x5  
  85  6:17  Drone x4  
  96  6:31  Zergling x2  
  96  6:32  Zergling x18  
  106  6:35  Overlord  
  106  6:38  Overlord  
  106  6:40  Queen  
  108  6:47  Overlord x2  
  108  6:56  Zergling x2  
  108  6:57  Zergling x10  
  114  7:05  Overseer  
  114  7:07  Baneling  
  114  7:08  Baneling x8  
  114  7:09  Centrifical Hooks  
  114  7:10  Zergling x2  
  114  7:11  Hydralisk Den, Zergling x22  
  125  7:18  Zerg Melee Weapons Level 2  
  125  7:36  Zergling x2  
  126  7:37  Zergling x32  
  126  7:38  Zergling x10  
  126  7:39  Overlord  
  126  7:40  Overlord  
  147  7:54  Zergling x2  
  147  7:55  Zergling x16  
  147  7:58  Muscular Augments  
  156  8:18  Baneling  
  156  8:19  Baneling x2  
  156  8:44  Hydralisk x5  
  156  8:45  Zergling x2  
  156  8:46  Zergling x8  
  156  8:47  Hydralisk x4  
  179  8:50  Overlord x4  
  179  8:51  Overlord x4  
  179  8:55  Baneling x26  
  179  8:56  Baneling x2  
  176  9:13  Overlord x2  
  176  9:14  Zergling x2  
  176  9:15  Zergling x34  
  188  9:33  Infestation Pit  
Show
View Real Time Build Order
Export as new Build Order

A.I. 1 (Very Easy) Protoss 

Build Orders:  

Get SALT Encoding   

  12  0:00  Probe  
  13  0:13  Probe  
  14  0:20  Pylon  
  14  0:37  Assimilator  
  14  0:42  Gateway  
  14  0:46  Pylon  
  14  1:14  Assimilator  
  14  1:23  Probe  
  14  1:29  Zealot  
  14  1:32  Probe  
  17  1:35  Cybernetics Core  
  18  1:40  Probe  
  19  1:50  Probe  
  20  2:00  Probe  
  20  2:01  Warp Gate  
  20  2:08  Probe  
  22  2:39  Stalker  
  24  6:35  Probe  
  24  7:04  Probe  
  25  7:10  Adept  
  25  7:11  Pylon  
  25  7:12  Probe  
  25  7:14  Robotics Facility  
  27  7:16  Nexus  
  27  7:22  Probe  
  29  7:31  Probe  
  26  8:01  Observer  
  27  8:06  Stalker  
  28  8:21  Observer  
  29  8:29  Probe  
  30  8:36  Probe  
  30  8:39  Assimilator  
  30  8:40  Probe  
  31  8:41  Assimilator  
  32  8:50  Probe  
  32  8:53  Probe  
  32  9:04  Zealot, Probe  
  33  9:12  Probe  
  24  9:24  Probe  
  18  9:26  Pylon  
  12  9:32  Zealot  
Tags
 
Matchup
PvZ
Spawn Locations
Cross Positions
Add a new tag
Caveats
  • Supply blocks, unpowered buildings, or Contaminate may cause inaccurate times.
  • Supply counts are checked every 10 seconds.